 Dungeon Crawl Stone Soup version 0.28.0-43-g3370ac3207 (webtiles) character file.

Game seed: 4113266319562518387

3543 demenzo the Fighter (level 10, 0/108 (110) HPs)
             Began as an Ogre Cinder Acolyte on Mar 16, 2022.
             Was an Elder of Ignis.
             Slain by a wight
             ... wielding a +0 falchion
              (3 damage)
             ... while paralysed by a hornet
             ... on level 7 of the Dungeon.
             The game lasted 00:15:52 (8568 turns).

demenzo the Fighter (Ogre Cinder Acolyte)           Turns: 8568, Time: 00:15:52

HP:   0/108 (110)   AC: 11    Str: 20    XL:     10   Next: 9%
MP:   18/21         EV:  1    Int: 19    God:    Ignis [****..]
Gold: 433           SH:  0    Dex:  4    Spells: 18/24 levels left

rFire   + + .      SeeInvis +   a - staff of fire
rCold   . . .      Faith    .   (no shield)
rNeg    . . .      Spirit   .   x - +0 robe
rPois   .          Reflect  .   (helmet restricted)
rElec   .          Harm     .   F - +0 cloak
rCorr   .          Rampage  .   (gloves unavailable)
Will    +....                   (boots unavailable)
Stlth   +.........              r - amulet of magic regeneration
HPRegen 0.28/turn               u - ring of see invisible
MPRegen 0.57/turn               (no ring)

@: paralysed, fiery-armoured, very slightly contaminated, slowed, lightly
drained
A: large, unfitting armour, tough skin 1
a: Renounce Religion, Fiery Armour, Foxfire Swarm, Rising Flame


You were on level 7 of the Dungeon.
You worshipped Ignis.
Ignis was greatly pleased with you.
You visited 1 branch of the dungeon, and saw 7 of its levels.

You collected 433 gold pieces.

Inventory:

Hand Weapons
 b - a +2 short sword of venom
 j - a -1 spear of flaming
 m - a +0 quarterstaff
Missiles
 d - 101 stones
 h - 111 arrows
 l - 6 silver boomerangs (quivered)
 A - 2 javelins
Armour
 x - a +0 robe (worn)
 F - a +0 cloak (worn)
Magical Staves
 a - a staff of fire (weapon)
 w - a staff of death
Jewellery
 r - an amulet of magic regeneration (around neck)
 u - a ring of see invisible (left hand)
 G - the ring "Pes Pite" {rCorr AC+4 SInv Stlth-}
   (You found it on level 7 of the Dungeon)

   [ring of protection]

   AC:        It affects your AC (+4).
   SInv:      It lets you see invisible.
   rCorr:     It protects you from acid and corrosion.
   Stlth:     It makes you less stealthy.
Scrolls
 e - a scroll of vulnerability
 g - a scroll of teleportation
 i - a scroll of magic mapping {unknown}
 k - 2 scrolls of identify {unknown}
 o - 2 scrolls of torment {unknown}
 q - a scroll of blinking {unknown}
 y - a scroll of holy word {unknown}
 B - a scroll of fear {unknown}
 C - a scroll of enchant armour {unknown}
 D - a scroll of enchant weapon {unknown}
Potions
 c - 6 potions of heal wounds
 f - 2 potions of curing
 n - 3 potions of ambrosia {unknown}
 p - 2 potions of degeneration {unknown}
 s - a potion of attraction {unknown}
 t - 2 potions of might {unknown}
 v - 2 potions of lignification {unknown}
 z - a potion of haste {unknown}
 E - a potion of magic {unknown}


   Skills:
 + Level 9.9 Fighting
 - Level 4.2(6.9) Polearms
 - Level 8.4(9.0) Staves
 + Level 7.5 Spellcasting
 - Level 3.0 Conjurations
 + Level 3.9 Fire Magic


You had 18 spell levels left.
You knew the following spells:

 Your Spells              Type           Power      Damage    Failure   Level
a - Scorch                Fire           66%        2d8       2%          2
b - Sticky Flame          Conj/Fire      30%        2d5       22%         4

Your spell library contained the following spells:

 Spells                   Type           Power      Damage    Failure   Level
 Static Discharge         Conj/Air       12%        N/A       8%          2
 Inner Flame              Hex/Fire       21%        N/A       13%         3
 Ensorcelled Hibernation  Hex/Ice        14%        N/A       14%         2
 Dazzling Flash           Conj/Hex       24%        N/A       16%         3
 Spider Form              Tmut/Pois      7%         N/A       28%         3
 Anguish                  Hex/Necr       3%         N/A       67%         4
 Dispel Undead            Necr           7%         3d8       67%         4
 Olgreb's Toxic Radiance  Pois           7%         N/A       67%         4
 Agony                    Necr           7%         N/A       95%         5
 Silence                  Hex/Air        3%         N/A       95%         5
 Summon Mana Viper        Hex/Summ       7%         N/A       95%         5


Dungeon Overview and Level Annotations

Branches:
Dungeon (7/15)             Temple (0/1) D:4

Altars:
Zin

Annotations:
D:4 3 runed translucent doors, Jingleheimer's ghost, novice DrTm


Innate Abilities, Weirdness & Mutations

You are too large for most types of armour.
You have tough skin. (AC +1)


Message History

You feel as though you will be slow longer.
The hornet is burned by your cloak of flames.
The hornet is severely wounded.
The hornet stings you!
* * * LOW HITPOINT WARNING * * *
You feel as though you will be slow longer.
The hornet is burned by your cloak of flames.
The hornet is severely wounded.
Unknown command.
It was a potion of curing.
You feel better. The hornet stings you.
* * * LOW HITPOINT WARNING * * *
You feel as though you will be slow longer.
The hornet stings you but does no damage.
The hornet is burned by your cloak of flames.
The hornet is almost dead.
Unknown command.
Unknown command.
Unknown command.
Unknown command.
Casting: Scorch (safe; 3% risk of failure)
Confirm with . or Enter, or press ? or * to list all spells.
Aiming: Sticky Flame (dangerous; 26% risk of failure)
Press: ? - help, Shift-Dir - straight line, f - hornet
Aim: a hornet (almost dead, 100% to hit)
You feel a surge of power!
You miscast Sticky Flame.
You are very lightly contaminated with residual magic.
Nothing appears to happen.
The hornet stings you!
* * * LOW HITPOINT WARNING * * *
You suddenly lose the ability to move!
The hornet is burned by your cloak of flames.
The hornet is almost dead.
The hornet stings you but does no damage.
The hornet is burned by your cloak of flames.
You kill the hornet!
The white imp shouts, "Fly, thou plume-plucked moldwarp cross-patch!"
Your life force feels restored.
Training target 9.0 for Staves reached!
The wight hits you with a +0 falchion!
* * * LOW HITPOINT WARNING * * *
You feel drained.
You die...

##.............#
#..............#
##...).[......#
#............# ##...........#
## ##.........## ####.
##...##......## ###....
##...#######...#####
####....## #...##
###....5z@).#####....####
##..####......#####).....####
#..##.....#### ###).###
##......### ##..# #....###
#..# #..### #..# ##.## #..#
#..# ##.. #.## ###


You could see a wight and a white imp.

Vanquished Creatures
  A two-headed ogre (D:6)
  A deep elf pyromancer (D:6)
  A troll (D:7)
  A hornet (D:7)
  Sigmund (D:5)
  A shadow (D:5)
  A sky beast (D:6)
  3 ice beasts
  An orc warrior (D:6)
  An ogre (D:5)
  A centaur (D:6)
  A bullfrog (D:6)
  A wyvern zombie (D:6)
  3 scorpions
  A howler monkey (D:5)
  2 hounds
  3 orc priests
  A gnoll shaman (D:5)
  2 bullfrog skeletons
  4 jellies
  Natasha (thrice) (D:2)
  Terence (D:3)
  An iguana (D:7)
  3 orc wizards
  A killer bee zombie (D:5)
  A hound skeleton (D:4)
  9 adders
  8 gnolls
  An ufetubus (D:3)
  2 worms
  2 dart slugs
  12 orcs
  6 bats
  6 endoplasms
  5 giant cockroaches
  8 goblins
  6 hobgoblins
  2 jackals (D:2)
  A quokka (D:1)
  9 ball pythons
  2 frilled lizards (D:1)
  4 kobolds
  6 rats
130 creatures vanquished.

Vanquished Creatures (collateral kills)
  A foxfire (D:5)
1 creature vanquished.

Vanquished Creatures (others)
  22 foxfires
  A plant (D:5)
23 creatures vanquished.

Grand Total: 154 creatures vanquished

Notes
Turn   | Place    | Note
-------+----------+-------------------------------------------
     0 | D:1      | demenzo the Ogre Cinder Acolyte began the quest for the
                  | Orb.
     0 | D:1      | Reached XP level 1. HP: 24/24 MP: 2/2
   169 | D:1      | Reached XP level 2. HP: 28/32 MP: 4/4
   180 | D:1      | Learned a level 2 spell: Scorch
   245 | D:1      | Found a faded altar of an unknown god.
   671 | D:1      | Reached XP level 3. HP: 39/39 MP: 5/5
  1254 | D:2      | Noticed Natasha
  1261 | D:2      | Killed Natasha
  1262 | D:2      | Reached XP level 4. HP: 45/49 MP: 0/7
  1293 | D:2      | Noticed Natasha
  1308 | D:2      | Killed Natasha
  2075 | D:2      | Noticed Natasha
  2081 | D:2      | Killed Natasha
  2082 | D:2      | Reached skill level 5 in Fighting
  2082 | D:2      | Reached XP level 5. HP: 57/57 MP: 3/9
  2528 | D:3      | Reached skill level 1 in Staves
  2692 | D:3      | Reached XP level 6. HP: 16/67 MP: 7/11
  3102 | D:3      | Noticed Terence
  3110 | D:3      | Killed Terence
  3885 | D:4      | Reached skill level 6 in Fighting
  4536 | D:4      | Found a staircase to the Ecumenical Temple.
  4599 | D:4      | Reached XP level 7. HP: 68/76 MP: 6/13
  5126 | D:4      | Found a runed translucent gate.
  5127 | D:4      | Found a runed translucent gate.
  5128 | D:4      | Found a runed translucent gate.
  5130 | D:4      | Noticed Jingleheimer's ghost (novice DrTm)
  5234 | D:5      | Entered Level 5 of the Dungeon
  5234 | D:5      | Noticed Sigmund
  5241 | D:5      | Killed Sigmund
  5339 | D:4      | Reached skill level 7 in Fighting
  5373 | D:5      | Reached skill level 5 in Spellcasting
  5399 | D:5      | Reached XP level 8. HP: 87/87 MP: 6/15
  5426 | D:4      | Reached skill level 5 in Staves
  6461 | D:6      | Got Sif Muna's Almanac of Fascination and Poisoning
  6490 | D:6      | Learned a level 4 spell: Sticky Flame
  6583 | D:6      | Noticed a shadow
  6632 | D:6      | Found a glowing silver altar of Zin.
  6666 | D:6      | Reached skill level 8 in Fighting
  6981 | D:6      | Noticed a two-headed ogre
  7033 | D:5      | Killed a shadow
  7034 | D:5      | Reached skill level 1 in Conjurations
  7166 | D:6      | Killed a two-headed ogre
  7167 | D:6      | Reached XP level 9. HP: 84/97 MP: 6/18
  7249 | D:6      | Noticed a deep elf pyromancer
  7257 | D:6      | Killed a deep elf pyromancer
  7258 | D:6      | Reached skill level 9 in Fighting
  8028 | D:7      | Identified the ring "Pes Pite" {rCorr AC+4 SInv Stlth-}
  8033 | D:7      | Noticed a troll
  8045 | D:7      | Killed a troll
  8362 | D:7      | Reached XP level 10. HP: 79/109 MP: 21/21
  8557 | D:7      | Paralysed by a hornet for 3 turns
  8567 | D:7      | Paralysed by a hornet for 3 turns
  8568 | D:7      | HP: 3/110 [wight/+0 falchion (9)]
  8568 | D:7      | Slain by a wight

Illustrated notes

Levels and vault maps discovered:
D:1:      matt_arrival_grand_opening, layout_basic,
          hellmonk_ecumenical_altar_arch_garden, chequers_serial_rivers_micro_c,
          nicolae_wormholes
D:2:      layout_basic, uniq_natasha
D:3:      layout_basic, minivault_26, corexii_item_surrounded_by_moat,
          uniq_terence
D:4:      layout_loops_corners, minmay_temple_entry_sparse_star,
          gammafunk_ghost_necromancy
D:5:      layout_rooms, chequers_big_river, uniq_sigmund
D:6:      layout_gridville, mainiacjoe_overflow_alcove_2,
          guppyfry_early_elven_hall
D:7:      layout_cave_pods, nicolae_overflow_hidden_temple,
          kennysheep_generic_room_5

Skill      XL: |  1  2  3  4  5  6  7  8  9 |
---------------+----------------------------+-----
Spellcasting   | 2 3 4 5 6 7 |  7.5
Fire Magic     | 3 |  3.9
Polearms       | 4 |  4.2
Fighting       | 5 6 7 8 9 |  9.9
Staves         | 1 2 4 7 8 |  8.4
Conjurations   | 2 3 |  3.0

Action                   |  1- 3 |  4- 6 |  7- 9 | 10-12 || total
-------------------------+-------+-------+-------+-------++-------
Melee: Spear             |    86 |    26 |       |       ||   112
       Punch             |     1 |       |     1 |       ||     2
       Quarterstaff      |       |    59 |       |       ||    59
       Short sword       |       |    30 |    16 |     3 ||    49
       Staff             |       |       |    18 |       ||    18
Throw: Boomerang         |       |       |     3 |       ||     3
 Cast: Scorch            |     5 |    38 |   109 |     5 ||   157
       Sticky Flame      |       |       |     1 |       ||     1
Invok: Foxfire Swarm     |       |     1 |     1 |       ||     2
       Fiery Armour      |       |       |     1 |     1 ||     2
  Use: Scroll            |     1 |     1 |     1 |       ||     3
       Potion            |       |       |       |     2 ||     2
Armor: Robe              |    15 |    49 |    20 |     4 ||    88
Dodge: Dodged            |    20 |    79 |    42 |     5 ||   146
